[Event "15th Golden Prague Rapid Open"]
[Site "Prague"]
[Date "2019.06.30"]
[Round "3.8"]
[White "Burita, Dobroslav"]
[Black "Kalousek, Zdenek"]
[Result "0-1"]
[ECO "B22"]
[WhiteElo "1614"]
[BlackElo "2005"]
[Annotator "NA"]
[PlyCount "124"]
[EventDate "2019.06.30"]
[EventType "swiss"]
[EventCountry "CZE"]
[SourceTitle "playchess.com"]
[Source "ChessBase"]
[SourceQuality "1"]
[TimeControl "720+3"]

1. e4 Nf6 2. e5 Nd5 3. Bc4 Nb6 4. Bb3 c5 5. c3 c4 6. Bc2 Nc6 7. Nf3 Qc7 8. Qe2 g6 9. Na3 Bg7 10. Nxc4 Nxc4 11. Qxc4 Bxe5 12. Nxe5 Qxe5+ 13. Qe4 d5 14. Qxe5 Nxe5 15. d4 Nc6 16. O-O h5 17. Bg5 O-O 18. Rfe1 e6 19. Bf6 Bd7 20. h3 Rac8 21. g4 e5 22. gxh5 exd4 23. cxd4 Nxd4 24. Bxd4 Rxc2 25. hxg6 fxg6 26. Re7 Rf7 27. Rae1 b6 28. h4 Kf8 29. Rxf7+ Kxf7 30. Re3 Bf5 31. Ra3 Rc7 32. Rc3 Rb7 33. Rc6 Ke7 34. Kh2 Kd7 35. Rf6 Ke7 36. Rc6 Be6 37. Kg3 Kd7 38. Rc3 a5 39. Kf4 Ke7 40. Kg5 Kf7 41. Be5 b5 42. Rc7+ Rxc7 43. Bxc7 d4 44. Bxa5 Bxa2 45. Bd2 Bb1 46. h5 gxh5 47. Kxh5 Kf6 48. Kg4 Ke5 49. Kf3 Bd3 50. Bf4+ Kd5 51. Bd2 Kc4 52. b4 Kb3 53. Kf4 Kc2 54. Be1 Bc4 55. Ke4 d3 56. f4 d2 57. Bxd2 Kxd2 58. f5 Kc3 59. f6 Kxb4 60. Kd4 Kb3 61. Kc5 b4 62. Kd4 Bf7 0-1

[Event "15th Golden Prague Rapid Open"]
[Site "Prague"]
[Date "2019.06.30"]
[Round "3.9"]
[White "Nedoma, Marek"]
[Black "Harasta, Frantisek"]
[Result "1-0"]
[ECO "A41"]
[WhiteElo "1984"]
[BlackElo "1567"]
[Annotator "NA"]
[PlyCount "49"]
[EventDate "2019.06.30"]
[EventType "swiss"]
[EventCountry "CZE"]
[SourceTitle "playchess.com"]
[Source "ChessBase"]
[SourceQuality "1"]
[TimeControl "720+3"]

1. d4 g6 2. Bf4 d6 3. Nf3 Bg7 4. c3 Bg4 5. Nbd2 Nf6 6. Qb3 Qc8 7. e4 O-O 8. Be2 c6 9. h3 Bxf3 10. Bxf3 Nbd7 11. e5 dxe5 12. dxe5 Nd5 13. Bxd5 cxd5 14. Qxd5 Nb6 15. Qe4 Rd8 16. O-O Nd7 17. e6 Nf6 18. exf7+ Kxf7 19. Qe2 Qf5 20. Bg3 Rac8 21. Rfe1 e6 22. Nb3 Nh5 23. Bh4 Nf4 24. Qf3 Rd3 25. Qxb7+ {[%emt 0:00:39] Rdd8 Qf3} 1-0

[Event "15th Golden Prague Rapid Open"]
[Site "Prague"]
[Date "2019.06.30"]
[Round "3.10"]
[White "Zvacek, Antonin"]
[Black "Holub, Adam"]
[Result "0-1"]
[ECO "B26"]
[WhiteElo "1808"]
[BlackElo "1433"]
[Annotator "NA"]
[PlyCount "78"]
[EventDate "2019.06.30"]
[EventType "swiss"]
[EventCountry "CZE"]
[SourceTitle "playchess.com"]
[Source "ChessBase"]
[SourceQuality "1"]
[TimeControl "720+3"]

1. e4 c5 2. Nc3 Nc6 3. g3 d6 4. Bg2 g6 5. d3 Bg7 6. Be3 Nf6 7. h3 O-O 8. Qd2 Rb8 9. Nge2 a6 10. f4 Bd7 11. O-O b5 12. e5 dxe5 13. Bxc5 exf4 14. Nxf4 Re8 15. Rae1 e6 16. a3 Qc7 17. b4 Bc8 18. g4 Bb7 19. Nce2 Rbd8 20. d4 Nd7 21. c3 Nxc5 22. bxc5 Rd7 23. Kh1 Rdd8 24. Nd3 Na5 25. Qf4 Qxf4 26. Ndxf4 Bxg2+ 27. Kxg2 Nc4 28. Ng3 Nxa3 29. Ra1 Nc4 30. Rfb1 Ra8 31. Ne4 Red8 32. Ra2 e5 33. Ne2 exd4 34. cxd4 Bxd4 35. Kf3 Bg7 36. Rb3 f5 37. gxf5 gxf5 38. Ng5 Nd2+ 39. Rxd2 Rxd2 0-1

[Event "15th Golden Prague Rapid Open"]
[Site "Prague"]
[Date "2019.06.30"]
[Round "4.1"]
[White "Netusil, Miloslav"]
[Black "Jirovsky, Pavel"]
[Result "0-1"]
[ECO "D05"]
[WhiteElo "2189"]
[BlackElo "2322"]
[Annotator "ChessBase"]
[PlyCount "72"]
[EventDate "2019.06.30"]
[EventType "swiss"]
[EventCountry "CZE"]
[SourceTitle "playchess.com"]
[Source "ChessBase"]
[SourceQuality "1"]
[TimeControl "720+3"]

1. d4 d5 2. Nf3 Nf6 3. e3 c5 4. c3 Nc6 5. Bd3 Qb6 6. O-O Bg4 7. Nbd2 e6 8. dxc5 Bxc5 9. e4 Rd8 10. exd5 Nxd5 11. Qc2 Bh5 12. Ng5 Ne3 13. fxe3 Bxe3+ 14. Kh1 Bxg5 15. Nc4 Qc5 16. b4 Qd5 17. Be4 Qxc4 18. Bxg5 Rd7 19. Rae1 Bg6 20. Bxg6 hxg6 21. Qf2 O-O 22. a4 a6 23. Qg3 Rd3 24. Rf3 Rxf3 25. Qxf3 f6 26. Bc1 e5 27. h3 Rd8 28. Qg3 g5 29. Qf3 Rd3 30. Qf5 Ne7 31. Qf2 Rxc3 32. Bd2 Rc2 33. Qe3 Nd5 34. Qf2 Qd3 35. Rc1 Rxd2 36. Rc8+ Kh7 0-1

[Event "15th Golden Prague Rapid Open"]
[Site "Prague"]
[Date "2019.06.30"]
[Round "4.2"]
[White "Soural, Jan"]
[Black "Rydl, Jiri"]
[Result "0-1"]
[ECO "E06"]
[WhiteElo "2196"]
[BlackElo "2422"]
[Annotator "ChessBase"]
[PlyCount "128"]
[EventDate "2019.06.30"]
[EventType "swiss"]
[EventCountry "CZE"]
[SourceTitle "playchess.com"]
[Source "ChessBase"]
[SourceQuality "1"]
[TimeControl "720+3"]

1. d4 Nf6 2. c4 e6 3. g3 d5 4. Nf3 Be7 5. Bg2 O-O 6. O-O c6 7. Nc3 b6 8. Ne5 Ba6 9. b3 Qc8 10. Bb2 Nbd7 11. cxd5 Nxe5 12. dxe5 Nxd5 13. Nxd5 cxd5 14. Qd2 Rd8 15. Rac1 Qd7 16. Rc2 Rac8 17. Rfc1 Rxc2 18. Rxc2 h6 19. Qc1 Bc5 20. e3 Bd3 21. Rd2 Bg6 22. e4 d4 23. b4 Bxb4 24. Rxd4 Qe7 25. Qd1 Rxd4 26. Qxd4 Bc5 27. Qd3 Qc7 28. h4 Bh5 29. Bh3 g5 30. g4 Bg6 31. h5 Bh7 32. Bg2 Kf8 33. Bf3 Ke7 34. Kg2 Qd7 35. Be2 Qa4 36. f3 Qxa2 37. Bc3 Qb3 38. Bd1 Qa3 39. Qd2 a5 40. Bc2 Bb4 41. Bxb4+ Qxb4 42. Qd3 Qc5 43. Ba4 Qxe5 44. Qd7+ Kf6 45. Qd8+ Kg7 46. Qxb6 Bxe4 47. fxe4 Qxe4+ 48. Kh3 Qxa4 49. Qb2+ Kf8 50. Qb8+ Qe8 51. Qa7 Qd8 52. Qe3 Kg8 53. Qc3 a4 54. Qb4 Qd3+ 55. Kg2 Qc2+ 56. Kg1 Qb3 57. Qd4 a3 58. Qd8+ Kh7 59. Qe7 Qb1+ 60. Kg2 Qe4+ 61. Kg1 Qe3+ 62. Kg2 Qe2+ 63. Kg3 Qe3+ 64. Kg2 Kg7 0-1

[Event "15th Golden Prague Rapid Open"]
[Site "Prague"]
[Date "2019.06.30"]
[Round "4.3"]
[White "Kiss, Pal"]
[Black "Benes, Petr"]
[Result "1/2-1/2"]
[ECO "A54"]
[WhiteElo "2278"]
[BlackElo "2103"]
[Annotator "ChessBase"]
[PlyCount "51"]
[EventDate "2019.06.30"]
[EventType "swiss"]
[EventCountry "CZE"]
[SourceTitle "playchess.com"]
[Source "ChessBase"]
[SourceQuality "1"]
[TimeControl "720+3"]

1. d4 Nc6 2. Nf3 d6 3. c4 e5 4. d5 Nce7 5. e4 Ng6 6. Nc3 Nf6 7. g3 h5 8. h4 Be7 9. Be2 Bd7 10. Bg5 Ng4 11. Bd2 c5 12. Nh2 Qc8 13. f3 Nxh2 14. Rxh2 Nf8 15. Bd3 Nh7 16. Qe2 Nf6 17. Be3 Qc7 18. O-O-O a6 19. Kb1 Rb8 20. b3 Bd8 21. Qf1 Qa5 22. Bd2 Qa3 23. Bc1 Qb4 24. Bd2 Qa3 25. Bc1 Qb4 26. Rh1 1/2-1/2

[Event "15th Golden Prague Rapid Open"]
[Site "Prague"]
[Date "2019.06.30"]
[Round "4.4"]
[White "Ralis, Petr"]
[Black "Rehak, Martin"]
[Result "1-0"]
[ECO "B30"]
[WhiteElo "2207"]
[BlackElo "2071"]
[Annotator "ChessBase"]
[PlyCount "49"]
[EventDate "2019.06.30"]
[EventType "swiss"]
[EventCountry "CZE"]
[SourceTitle "playchess.com"]
[Source "ChessBase"]
[SourceQuality "1"]
[TimeControl "720+3"]

1. e4 c5 2. Nf3 Nc6 3. d3 d5 4. Nbd2 g6 5. g3 b6 6. Bg2 Bb7 7. exd5 Qxd5 8. O-O Qd7 9. Nc4 f6 10. Re1 e5 11. a4 Bd6 12. a5 Bc7 13. a6 Bc8 14. d4 Nge7 15. dxe5 Qxd1 16. Rxd1 O-O 17. exf6 Rxf6 18. Bg5 Rf7 19. Nfe5 Nxe5 20. Nxe5 Bxe5 21. Bxa8 Bxb2 22. Rd8+ Kg7 23. Re1 Bd4 24. Rxe7 Bxf2+ 25. Kg2 1-0

[Event "15th Golden Prague Rapid Open"]
[Site "Prague"]
[Date "2019.06.30"]
[Round "4.5"]
[White "Groh, Jiri"]
[Black "Franc, Lubor"]
[Result "1/2-1/2"]
[ECO "D94"]
[WhiteElo "2001"]
[BlackElo "1788"]
[Annotator "NA"]
[PlyCount "94"]
[EventDate "2019.06.30"]
[EventType "swiss"]
[EventCountry "CZE"]
[SourceTitle "playchess.com"]
[Source "ChessBase"]
[SourceQuality "1"]
[TimeControl "720+3"]

1. Nf3 c6 2. c4 d5 3. d4 Nf6 4. e3 g6 5. Be2 Bg7 6. O-O O-O 7. Nc3 Nbd7 8. b3 Ne4 9. Bb2 Ndf6 10. Ne5 Re8 11. f3 Nxc3 12. Bxc3 Be6 13. Qd2 Nd7 14. Nd3 dxc4 15. Nf4 Nf8 16. bxc4 Bf5 17. g4 Bc8 18. Rab1 e5 19. dxe5 Qxd2 20. Bxd2 Bxe5 21. Ng2 b6 22. f4 Bg7 23. Bf3 Bd7 24. g5 Rac8 25. Rfc1 c5 26. Bc3 Bc6 27. Kf2 Red8 28. Bxg7 Kxg7 29. Rb2 Ne6 30. h4 Rd6 31. h5 Bxf3 32. h6+ Kf8 33. Kxf3 Rcd8 34. Rcc2 R8d7 35. a4 Rd3 36. Ke2 Ra3 37. Ra2 Rdd3 38. Rxa3 Rxa3 39. Nh4 Rxa4 40. Nf3 Ke7 41. Ne5 f6 42. Nxg6+ Kf7 43. f5 Nxg5 44. Nf4 Ne4 45. Kd3 Nd6 46. e4 Ra3+ 47. Ke2 Nxe4 1/2-1/2

[Event "15th Golden Prague Rapid Open"]
[Site "Prague"]
[Date "2019.06.30"]
[Round "4.6"]
[White "Burdik, Lubomir"]
[Black "Krnak, Vladimir"]
[Result "1-0"]
[ECO "E85"]
[WhiteElo "2132"]
[BlackElo "1691"]
[Annotator "ChessBase"]
[PlyCount "88"]
[EventDate "2019.06.30"]
[EventType "swiss"]
[EventCountry "CZE"]
[SourceTitle "playchess.com"]
[Source "ChessBase"]
[SourceQuality "1"]
[TimeControl "720+3"]

1. c4 Nf6 2. Nc3 g6 3. e4 d6 4. d4 Bg7 5. Be3 O-O 6. f3 Nc6 7. Nge2 a6 8. Qd2 e5 9. d5 Ne7 10. g4 h5 11. h3 Bd7 12. O-O-O b5 13. Ng3 h4 14. g5 hxg3 15. gxf6 Bxf6 16. h4 Kg7 17. Bh6+ Kg8 18. Bxf8 Qxf8 19. Qg2 Qh6+ 20. Kb1 Qf4 21. Ne2 Qe3 22. Nxg3 bxc4 23. Bxc4 a5 24. h5 a4 25. hxg6 fxg6 26. Nf1 Qc5 27. Rc1 Qb4 28. Ne3 a3 29. b3 Kg7 30. Qh2 Kf7 31. Qh7+ Bg7 32. Qh2 Rh8 33. Qc2 Rh3 34. Rxh3 Bxh3 35. Rh1 Bd7 36. Ng4 Bf6 37. Nxf6 Kxf6 38. Rh7 Qe1+ 39. Qc1 Qf2 40. Rh1 Ng8 41. Qxa3 Kg7 42. Qc1 Qxf3 43. Re1 Nf6 44. Qe3 Qg3 1-0

[Event "15th Golden Prague Rapid Open"]
[Site "Prague"]
[Date "2019.06.30"]
[Round "4.7"]
[White "Hozda, Max"]
[Black "Vavrinec, Tomas"]
[Result "1/2-1/2"]
[ECO "A65"]
[WhiteElo "1695"]
[BlackElo "1994"]
[Annotator "NA"]
[PlyCount "130"]
[EventDate "2019.06.30"]
[EventType "swiss"]
[EventCountry "CZE"]
[SourceTitle "playchess.com"]
[Source "ChessBase"]
[SourceQuality "1"]
[TimeControl "720+3"]

1. d4 Nf6 2. c4 c5 3. d5 e6 4. Nc3 exd5 5. cxd5 d6 6. e4 g6 7. Bg5 h6 8. Bh4 Nbd7 9. Nf3 a6 10. a4 Qe7 11. Be2 g5 12. Bg3 Nxe4 13. O-O Nxg3 14. hxg3 Bg7 15. Qb3 O-O 16. Rfe1 Ne5 17. Rad1 Bf5 18. Nxe5 Bxe5 19. Bd3 Bxd3 20. Rxd3 Qf6 21. Ne4 Qf5 22. Rf3 Qg6 23. Qc4 b5 24. axb5 axb5 25. Qxb5 Rab8 26. Qc6 Rxb2 27. g4 Rb4 28. Nd2 Rxg4 29. Qd7 Rh4 30. Rh3 Rxh3 31. Qxh3 Kg7 32. Nf3 Bf6 33. Qd7 Rd8 34. Qb5 Qc2 35. Qe2 Qxe2 36. Rxe2 Rb8 37. g3 g4 38. Ne1 Rb1 39. Kg2 c4 40. Nc2 Rb2 41. f3 h5 42. fxg4 hxg4 43. Kf2 Be5 44. Kg2 Rb3 45. Re3 Rb2 46. Re2 c3 47. Kf2 f5 48. Kg2 Kf6 49. Kf2 Kg5 50. Kg2 f4 51. gxf4+ Kxf4 52. Kf2 g3+ 53. Kg2 Kf5 54. Kf3 Kg5 55. Kg2 Rb5 56. Ne3 Bf4 57. Kf3 Rb2 58. Nc2 Rb1 59. Nd4 Be5 60. Nc2 Rf1+ 61. Kg2 Rd1 62. Ne1 Rd2 63. Nf3+ Kf4 64. Nxd2 cxd2 65. Rxd2 Ke3 1/2-1/2

[Event "15th Golden Prague Rapid Open"]
[Site "Prague"]
[Date "2019.06.30"]
[Round "4.8"]
[White "Kalousek, Zdenek"]
[Black "Cermak, Dusan"]
[Result "1-0"]
[ECO "A16"]
[WhiteElo "2005"]
[BlackElo "1456"]
[Annotator "NA"]
[PlyCount "71"]
[EventDate "2019.06.30"]
[EventType "swiss"]
[EventCountry "CZE"]
[SourceTitle "playchess.com"]
[Source "ChessBase"]
[SourceQuality "1"]
[TimeControl "720+3"]

1. c4 Nc6 2. Nc3 Nf6 3. Nf3 d5 4. e3 Bg4 5. cxd5 Nxd5 6. Be2 e6 7. O-O a6 8. h3 Bh5 9. a3 Bg6 10. d3 Be7 11. e4 Nf6 12. Be3 O-O 13. Qc2 Qd7 14. Rfd1 Rfd8 15. Rd2 b5 16. b4 Bd6 17. Rc1 Ne7 18. e5 Nf5 19. exd6 Nxe3 20. fxe3 Qxd6 21. Nd1 Nd5 22. Kf2 Qb6 23. Qc5 Qxc5 24. Rxc5 Rd7 25. Ne5 Re7 26. Bf3 Rc8 27. Nc6 Rd7 28. Bxd5 exd5 29. Rxd5 Rxd5 30. Ne7+ Kf8 31. Nxd5 Rd8 32. Nxc7 Rd6 33. Nc3 Ke7 34. e4 Bxe4 35. Nxe4 Rd7 36. Nxa6 1-0

[Event "15th Golden Prague Rapid Open"]
[Site "Prague"]
[Date "2019.06.30"]
[Round "4.9"]
[White "Kolbusovsky, Petr"]
[Black "Nedoma, Marek"]
[Result "0-1"]
[ECO "C55"]
[WhiteElo "1675"]
[BlackElo "1984"]
[Annotator "NA"]
[PlyCount "100"]
[EventDate "2019.06.30"]
[EventType "swiss"]
[EventCountry "CZE"]
[SourceTitle "playchess.com"]
[Source "ChessBase"]
[SourceQuality "1"]
[TimeControl "720+3"]

1. e4 e5 2. Nf3 Nc6 3. Bc4 h6 4. c3 Nf6 5. d3 d6 6. O-O Bg4 7. h3 Bxf3 8. Qxf3 Be7 9. Be3 O-O 10. d4 exd4 11. Bxd4 Ne5 12. Bxe5 dxe5 13. Rd1 Qe8 14. Nd2 Rd8 15. Nb3 Qc6 16. Bd3 Bc5 17. Bc2 Qb6 18. Rxd8 Rxd8 19. Rd1 Rxd1+ 20. Bxd1 a5 21. Nxc5 Qxc5 22. Qd3 Qd6 23. Qxd6 cxd6 24. f3 d5 25. Bc2 dxe4 26. Bxe4 b6 27. Bc6 Kf8 28. Kf2 Ke7 29. b4 Kd6 30. b5 Kc5 31. Ke3 Kc4 32. Kd2 Ng8 33. g4 Ne7 34. h4 Nc8 35. h5 Nd6 36. a4 Kb3 37. Bd5+ Kxa4 38. c4 Kb4 39. Kd3 a4 40. Kc2 a3 41. Kb1 f6 42. Ka2 Nxc4 43. Bxc4 Kxc4 44. Kxa3 Kxb5 45. Kb3 Kc5 46. Kc3 b5 47. Kb3 b4 48. Kc2 Kd4 49. Kb3 Ke3 50. Kxb4 Kxf3 0-1

[Event "15th Golden Prague Rapid Open"]
[Site "Prague"]
[Date "2019.06.30"]
[Round "4.10"]
[White "Plesnivy, Martin"]
[Black "Svoboda, Daniel"]
[Result "1-0"]
[ECO "B26"]
[WhiteElo "1803"]
[BlackElo "1456"]
[Annotator "NA"]
[PlyCount "53"]
[EventDate "2019.06.30"]
[EventType "swiss"]
[EventCountry "CZE"]
[SourceTitle "playchess.com"]
[Source "ChessBase"]
[SourceQuality "1"]
[TimeControl "720+3"]

1. d4 Nf6 2. Nf3 e6 3. c4 b6 4. Nc3 Bb7 5. e3 d5 6. Bd3 Be7 7. O-O O-O 8. Re1 Nbd7 9. e4 dxe4 10. Nxe4 c5 11. Qc2 cxd4 12. Nxd4 Ne5 13. Nxf6+ Bxf6 14. Bxh7+ Kh8 15. Rd1 Qc7 16. Be4 Bxe4 17. Qxe4 Qxc4 18. Be3 Ng6 19. b3 Qd5 20. Qg4 Qb7 21. Rac1 Rac8 22. Nxe6 fxe6 23. Qxg6 Rxc1 24. Rxc1 Rc8 25. Re1 Qd7 26. h3 Rc2 27. Qxc2 1-0

[Event "15th Golden Prague Rapid Open"]
[Site "Prague"]
[Date "2019.06.30"]
[Round "5.1"]
[White "Jirovsky, Pavel"]
[Black "Rydl, Jiri"]
[Result "1-0"]
[ECO "A46"]
[WhiteElo "2322"]
[BlackElo "2422"]
[Annotator "ChessBase"]
[PlyCount "55"]
[EventDate "2019.06.30"]
[EventType "swiss"]
[EventCountry "CZE"]
[SourceTitle "playchess.com"]
[Source "ChessBase"]
[SourceQuality "1"]
[TimeControl "720+3"]

1. d4 Nf6 2. Nf3 e6 3. g3 b5 4. Bg2 Bb7 5. O-O c5 6. c3 Na6 7. a4 b4 8. c4 cxd4 9. Nxd4 Bxg2 10. Kxg2 Nc5 11. Nb5 Qb6 12. Bf4 Rc8 13. f3 d5 14. a5 Qb7 15. b3 a6 16. Nd6+ Bxd6 17. Bxd6 Qc6 18. Be5 dxc4 19. Bxf6 gxf6 20. bxc4 Ke7 21. Nd2 Rhd8 22. Qc2 Rd4 23. Rfb1 Rcd8 24. Nf1 b3 25. Qc3 Kf8 26. e3 Rd3 27. Qxf6 Rb8 28. Qh8+ 1-0

[Event "15th Golden Prague Rapid Open"]
[Site "Prague"]
[Date "2019.06.30"]
[Round "5.2"]
[White "Kiss, Pal"]
[Black "Ralis, Petr"]
[Result "1/2-1/2"]
[ECO "A56"]
[WhiteElo "2278"]
[BlackElo "2207"]
[Annotator "NA"]
[PlyCount "48"]
[EventDate "2019.06.30"]
[EventType "swiss"]
[EventCountry "CZE"]
[SourceTitle "playchess.com"]
[Source "ChessBase"]
[SourceQuality "1"]
[TimeControl "720+3"]

1. d4 Nf6 2. c4 c5 3. d5 e5 4. Nc3 d6 5. e4 Be7 6. h3 O-O 7. Nf3 a6 8. a4 Nbd7 9. Bd3 Nh5 10. g3 g6 11. Bh6 Ng7 12. g4 Nf6 13. Qd2 Bd7 14. Ke2 Kh8 15. Rag1 Qa5 16. b3 Qb4 17. Qc2 Rfb8 18. Bd2 Qb6 19. Ne1 Qd8 20. f3 Ng8 21. Qc1 Qb6 22. Qc2 Qd8 23. Qc1 Qb6 24. Qc2 Rf8 1/2-1/2

[Event "15th Golden Prague Rapid Open"]
[Site "Prague"]
[Date "2019.06.30"]
[Round "5.3"]
[White "Kalousek, Zdenek"]
[Black "Netusil, Miloslav"]
[Result "0-1"]
[ECO "A21"]
[WhiteElo "2005"]
[BlackElo "2189"]
[Annotator "NA"]
[PlyCount "80"]
[EventDate "2019.06.30"]
[EventType "swiss"]
[EventCountry "CZE"]
[SourceTitle "playchess.com"]
[Source "ChessBase"]
[SourceQuality "1"]
[TimeControl "720+3"]

1. c4 e5 2. Nc3 Bb4 3. Nd5 Ba5 4. e3 c6 5. Nc3 Nf6 6. Nf3 e4 7. Nd4 O-O 8. Be2 d5 9. cxd5 cxd5 10. O-O Bb6 11. Nc2 Nc6 12. d4 Bc7 13. f4 exf3 14. Bxf3 a6 15. Bd2 Qd6 16. g3 Bh3 17. Bg2 Bxg2 18. Kxg2 Rae8 19. Qf3 Ne4 20. Nxe4 Rxe4 21. Rf2 f5 22. Raf1 g6 23. a3 h5 24. Nb4 h4 25. Nxc6 Qxc6 26. Rc1 Qd7 27. Kf1 Kg7 28. Rg2 Rh8 29. Kf2 hxg3+ 30. hxg3 Rh3 31. Rcg1 Qb5 32. Bc3 Bd6 33. Qe2 Qe8 34. Bd2 Kf7 35. Kf1 Ke7 36. Bb4 Bxb4 37. axb4 Kf7 38. Kf2 f4 39. Qg4 fxe3+ 40. Kf3 Rxg4 0-1

[Event "15th Golden Prague Rapid Open"]
[Site "Prague"]
[Date "2019.06.30"]
[Round "5.4"]
[White "Nedoma, Marek"]
[Black "Soural, Jan"]
[Result "1-0"]
[ECO "A45"]
[WhiteElo "1984"]
[BlackElo "2196"]
[Annotator "NA"]
[PlyCount "61"]
[EventDate "2019.06.30"]
[EventType "swiss"]
[EventCountry "CZE"]
[SourceTitle "playchess.com"]
[Source "ChessBase"]
[SourceQuality "1"]
[TimeControl "720+3"]

1. d4 e6 2. Bf4 Nf6 3. h3 c5 4. e3 Qb6 5. b3 Nc6 6. Nf3 Nd5 7. dxc5 Bxc5 8. Bg3 Qa5+ 9. Nfd2 Bxe3 10. fxe3 Nxe3 11. Qc1 Qg5 12. Bf2 Nxg2+ 13. Bxg2 Qxg2 14. Rg1 Qd5 15. Nc3 Qe5+ 16. Ne2 b6 17. Nc4 Qc7 18. Rxg7 d5 19. Ne3 Qe5 20. Rg3 Ba6 21. Rb1 Bxe2 22. Kxe2 d4 23. Qd2 dxe3 24. Rxe3 Qh5+ 25. Kf1 Rd8 26. Qc3 Rd1+ 27. Rxd1 Qxd1+ 28. Re1 Qd5 29. Qxh8+ Kd7 30. Qxh7 Ne5 31. Qe4 1-0

[Event "15th Golden Prague Rapid Open"]
[Site "Prague"]
[Date "2019.06.30"]
[Round "5.5"]
[White "Benes, Petr"]
[Black "Plesnivy, Martin"]
[Result "1-0"]
[ECO "E01"]
[WhiteElo "2103"]
[BlackElo "1803"]
[Annotator "NA"]
[PlyCount "67"]
[EventDate "2019.06.30"]
[EventType "swiss"]
[EventCountry "CZE"]
[SourceTitle "playchess.com"]
[Source "ChessBase"]
[SourceQuality "1"]
[TimeControl "720+3"]

1. g3 d5 2. Bg2 e6 3. Nf3 c6 4. O-O Bd6 5. d4 Nf6 6. c4 Nbd7 7. Nc3 O-O 8. Qd3 Re8 9. Rd1 a6 10. Bf4 Bxf4 11. gxf4 dxc4 12. Qxc4 Nd5 13. e3 Nxc3 14. bxc3 Nb6 15. Qd3 Qf6 16. Rab1 Nd7 17. c4 Qg6 18. Qe2 b5 19. c5 Bb7 20. Kh1 Nf6 21. Ne5 Qh6 22. Bxc6 Bxc6+ 23. Nxc6 Nd5 24. Rbc1 b4 25. Qf3 a5 26. Rg1 f6 27. f5 Nc3 28. fxe6 Nxa2 29. Ne7+ Kh8 30. Nf5 Qg5 31. Ra1 Qxg1+ 32. Rxg1 b3 33. Qb7 Rg8 34. Rxg7 1-0

[Event "15th Golden Prague Rapid Open"]
[Site "Prague"]
[Date "2019.06.30"]
[Round "5.6"]
[White "Holub, Adam"]
[Black "Burdik, Lubomir"]
[Result "0-1"]
[ECO "A17"]
[WhiteElo "1433"]
[BlackElo "2132"]
[Annotator "NA"]
[PlyCount "65"]
[EventDate "2019.06.30"]
[EventType "swiss"]
[EventCountry "CZE"]
[SourceTitle "playchess.com"]
[Source "ChessBase"]
[SourceQuality "1"]
[TimeControl "720+3"]

1. c4 e6 2. g3 d5 3. cxd5 exd5 4. Bg2 Nf6 5. Nc3 c6 6. d4 Bd6 7. Bg5 h6 8. Bxf6 Qxf6 9. e3 O-O 10. Nf3 Nd7 11. O-O Qe7 12. a3 a5 13. Rc1 Nf6 14. Re1 Bg4 15. h3 Bf5 16. Na4 Qc7 17. Kh2 Ne4 18. Kg1 Rfe8 19. Nd2 Nxf2 20. Kxf2 Bxg3+ 21. Kg1 Bxe1 22. Qxe1 Re6 23. Bxd5 Rg6+ 24. Kh1 Bxh3 25. Be4 Rg3 26. Nf1 Bxf1 27. Qxf1 Rxe3 28. Nc3 Qg3 29. Bg2 Rae8 30. Ne4 Qh4+ 31. Kg1 R3xe4 32. Bxe4 Rxe4 33. Qd1 0-1

[Event "15th Golden Prague Rapid Open"]
[Site "Prague"]
[Date "2019.06.30"]
[Round "5.7"]
[White "Rehak, Martin"]
[Black "Hozda, Max"]
[Result "1/2-1/2"]
[ECO "C00"]
[WhiteElo "2071"]
[BlackElo "1695"]
[Annotator "NA"]
[PlyCount "70"]
[EventDate "2019.06.30"]
[EventType "swiss"]
[EventCountry "CZE"]
[SourceTitle "playchess.com"]
[Source "ChessBase"]
[SourceQuality "1"]
[TimeControl "720+3"]

1. e4 e6 2. b3 d5 3. Bb2 Nf6 4. e5 Nfd7 5. d4 c5 6. c3 Nc6 7. f4 Be7 8. Nd2 cxd4 9. cxd4 Qb6 10. Ndf3 Bb4+ 11. Kf2 O-O 12. g3 f6 13. Kg2 fxe5 14. fxe5 Qc7 15. a3 Be7 16. b4 a6 17. Bd3 Rf7 18. h4 Nb6 19. Nh3 Nc4 20. Bxh7+ Kf8 21. Bc3 Ne3+ 22. Kh2 Nxd1 23. Raxd1 Rxf3 24. Bg6 Bd7 25. Rhf1 Rxf1 26. Rxf1+ Kg8 27. Bf7+ Kh8 28. Nf4 Nxd4 29. Bxd4 Qc2+ 30. Kh3 Bb5 31. Ng6+ Kh7 32. Rf2 Be2 33. Nxe7 Bg4+ 34. Kg2 Qe4+ 35. Kh2 Qxd4 1/2-1/2

[Event "15th Golden Prague Rapid Open"]
[Site "Prague"]
[Date "2019.06.30"]
[Round "5.8"]
[White "Moravek, Jakub"]
[Black "Groh, Jiri"]
[Result "1-0"]
[ECO "B83"]
[WhiteElo "1709"]
[BlackElo "2001"]
[Annotator "NA"]
[PlyCount "121"]
[EventDate "2019.06.30"]
[EventType "swiss"]
[EventCountry "CZE"]
[SourceTitle "playchess.com"]
[Source "ChessBase"]
[SourceQuality "1"]
[TimeControl "720+3"]

1. e4 c5 2. b3 Nf6 3. Nc3 Nc6 4. Bb2 e6 5. Nf3 d6 6. d4 cxd4 7. Nxd4 Be7 8. Be2 O-O 9. O-O Qb6 10. Na4 Qc7 11. Nc3 a6 12. Bf3 Ne5 13. Rc1 b5 14. Re1 Bb7 15. Qe2 Qb6 16. Nb1 Rac8 17. c3 Rc7 18. Nd2 Rfc8 19. Rc2 Ng6 20. g3 Qxd4 21. cxd4 Rxc2 22. Rb1 d5 23. e5 Ne4 24. Bxe4 dxe4 25. Qe3 h6 26. Nxe4 Bf8 27. Nc3 b4 28. Ne4 Ne7 29. Nd6 Nd5 30. Qd3 Bxd6 31. exd6 R2c6 32. a3 Rd8 33. axb4 Nxb4 34. Qe3 Rcxd6 35. Rc1 Nd5 36. Qd2 Nf6 37. Rc7 Bd5 38. Qb4 Be4 39. Qc5 Rd5 40. Qe7 Rf8 41. Ba3 Rxd4 42. Qxf8+ Kh7 43. f3 Bg6 44. Rc8 Bh5 45. g4 Nxg4 46. fxg4 Rxg4+ 47. Kf2 Rf4+ 48. Ke3 Rf3+ 49. Kd4 Rxb3 50. Bd6 Rb1 51. Be5 Rd1+ 52. Kc5 Rg1 53. Qh8+ Kg6 54. Qxg7+ Kf5 55. Qxg1 Kxe5 56. Qe3+ Kf6 57. Rc7 Bg6 58. Qf4+ Kg7 59. Qe5+ Kh7 60. Qf6 h5 61. Rc8 1-0

[Event "15th Golden Prague Rapid Open"]
[Site "Prague"]
[Date "2019.06.30"]
[Round "5.9"]
[White "Vavrinec, Tomas"]
[Black "Soural, Karel"]
[Result "1-0"]
[ECO "A37"]
[WhiteElo "1994"]
[BlackElo "1935"]
[Annotator "NA"]
[PlyCount "92"]
[EventDate "2019.06.30"]
[EventType "swiss"]
[EventCountry "CZE"]
[SourceTitle "playchess.com"]
[Source "ChessBase"]
[SourceQuality "1"]
[TimeControl "720+3"]

1. c4 c5 2. Nc3 Nc6 3. g3 g6 4. Bg2 Bg7 5. Nf3 e5 6. O-O Nge7 7. d3 O-O 8. Bg5 f6 9. Bd2 d5 10. cxd5 Nxd5 11. Nxd5 Qxd5 12. Be3 Bd7 13. Ng5 Qd6 14. Qb3+ Kh8 15. Ne4 Qe6 16. Qxe6 Bxe6 17. Nxc5 Bc8 18. Rac1 Nd4 19. Bxd4 exd4 20. Rc4 Rb8 21. Nb3 Be6 22. Rc7 Bxb3 23. axb3 Rfe8 24. Bf3 Bf8 25. Rfc1 Bd6 26. Rd7 Rbd8 27. Rxd8 Rxd8 28. Bxb7 Rb8 29. Bd5 Kg7 30. Rc6 Rd8 31. Bf3 Kf7 32. b4 Ke7 33. Ra6 Rd7 34. b5 Bc5 35. Rc6 Bb6 36. Rc8 Rc7 37. Rh8 Kd6 38. Bc6 Kc5 39. Rf8 f5 40. Be8 Rc8 41. Rg8 Kb4 42. Kg2 Rc7 43. Kf3 Kb3 44. e3 Kxb2 45. e4 fxe4+ 46. Kxe4 Kc2 1-0

[Event "15th Golden Prague Rapid Open"]
[Site "Prague"]
[Date "2019.06.30"]
[Round "6.1"]
[White "Ralis, Petr"]
[Black "Jirovsky, Pavel"]
[Result "0-1"]
[ECO "B01"]
[WhiteElo "2207"]
[BlackElo "2322"]
[Annotator "NA"]
[PlyCount "30"]
[EventDate "2019.06.30"]
[EventType "swiss"]
[EventCountry "CZE"]
[SourceTitle "playchess.com"]
[Source "ChessBase"]
[SourceQuality "1"]
[TimeControl "720+3"]

1. e4 d5 2. exd5 Qxd5 3. Nc3 Qd6 4. Nf3 Nf6 5. g3 c6 6. Bg2 Bf5 7. O-O e6 8. d4 Qc7 9. Re1 h6 10. Nh4 Bh7 11. Ne4 Nxe4 12. Bxe4 Bxe4 13. Rxe4 Nd7 14. Bf4 Bd6 15. Nf5 Bxf4 0-1